 Dungeon Crawl Stone Soup version 0.30-a0-743-gbfdf073431 (webtiles) character file.

Game seed: 18372658300837595215

4860 Dittersdorf the Protected (level 10, 0/66 HPs)
             Began as a Gargoyle Fighter on Feb 7, 2023.
             Was an Initiate of Okawaru.
             Shot with a bolt by an orc warrior (16 damage)
             ... on level 9 of the Dungeon.
             The game lasted 00:09:26 (7654 turns).

Dittersdorf the Protected (Gargoyle Fighter)        Turns: 7654, Time: 00:09:27

Health: 0/66       AC: 23    Str: 30    XL:     10   Next: 50%
Magic:  10/10      EV:  8    Int:  9    God:    Okawaru [......]
Gold:   530        SH:  5    Dex:  9    Spells: 7/9 levels left

rFire   . . .      SeeInvis .    C - +4 flail
rCold   . . .      Faith    .    c - +0 buckler
rNeg    + . .      Spirit   .    j - +0 chain mail
rPois   ∞          Reflect  .    a - +0 hat {Will+}
rElec   +          Harm     .    f - +0 cloak
rCorr   .          Rampage  .    (no gloves)
Will    +....                    (no boots) Stlth
                                 (no amulet)
HPRegen 0.31/turn                r - +4 ring of protection
MPRegen 0.12/turn                n - +6 ring of strength

@: studying Transmutations
A: sickness immunity, AC +7, negative energy resistance 1, electricity
resistance, torment resistance 1, petrification resistance
a: Renounce Religion


You were on level 9 of the Dungeon.
You worshipped Okawaru.
Okawaru was noncommittal.
You visited 2 branches of the dungeon, and saw 10 of its levels.

You collected 530 gold pieces.

Inventory:

Hand Weapons
 C - a +4 flail (weapon)
Missiles
 b - a throwing net
 q - 8 poisoned darts (quivered)
Armour
 a - a +0 hat of willpower (worn)
 c - a +0 buckler (worn)
 f - a +0 cloak (worn)
 j - a +0 chain mail (worn)
Jewellery
 m - a ring of willpower
 n - a +6 ring of strength (right hand)
 r - a +4 ring of protection (left hand)
 x - a ring of protection from fire
 A - an amulet of reflection
 B - a ring of protection from cold
Wands
 u - a wand of quicksilver (21)
 y - a wand of paralysis (3)
Scrolls
 k - 4 scrolls of enchant weapon
 o - 2 scrolls of teleportation
 p - a scroll of fog
 z - a scroll of silence
 D - 2 scrolls of blinking
Potions
 d - 4 potions of might
 e - 3 potions of brilliance {unknown}
 g - 5 potions of curing {unknown}
 h - 2 potions of heal wounds
 i - 3 potions of mutation
 l - 2 potions of haste {unknown}
 s - 4 potions of flight
 t - a potion of lignification {unknown}
 v - 2 potions of berserk rage {unknown}
 w - 3 potions of cancellation


   Skills:
 + Level 9.0 Fighting
 + Level 7.8 Maces & Flails
 + Level 9.0 Armour
 + Level 9.0 Shields


You had 7 spell levels left.
You knew the following spells:

 Your Spells              Type           Power      Damage    Failure   Level
a - Passwall              Tmut/Erth      0%         N/A       97%         2

Your spell library contained the following spells:

 Spells                   Type           Power      Damage    Failure   Level
 Sandblast                Erth           0%         2d4       90%         1
 Stone Arrow              Conj/Erth      0%         3d7       99%         3


Dungeon Overview and Level Annotations

Branches:
Dungeon (9/15)             Temple (1/1) D:6             Orc (0/2) D:9
   Lair: D:8-11

Altars:
Ashenzari
Cheibriados
Dithmenos
Elyvilon
Fedhas
Gozag
Kikubaaqudgha
Nemelex Xobeh
Okawaru
Qazlal
Ru
Sif Muna
Trog
Uskayaw
Vehumet
Wu Jian
Xom
Yredelemnul
Zin
The Shining One

Shops:
D:6 (   D:8 (

Annotations:
D:7 2 transporters, avis's ghost, novice DgHu


Innate Abilities, Weirdness & Mutations

You are immune to sickness and miasma.
Your stone body is resilient. (AC +7)
You are immune to poison.
You resist negative energy. (rN+)
You are resistant to electric shocks. (rElec)
You are resistant to unholy torment.
You are immune to petrification.


Message History

You are too injured to fight recklessly!
You are too injured to fight recklessly!
The orc warrior unwields a +0 glaive.
The orc warrior wields a +0 arbalest.
The orc warrior shoots a bolt.
The bolt hits you.
You hear a shout!
The orc warrior attacks as you move away!
You block the orc warrior's attack.
The orc warrior attacks as you move away!
The orc warrior hits you with a +0 long sword.
The orc warrior attacks as you move away!
You block the orc warrior's attack.
The orc warrior attacks as you move away!
The orc warrior barely misses you.
Things that are here:
a +0 shortbow; a centaur corpse The orc warrior attacks as you move away!
You block the orc warrior's attack.
The orc warrior attacks as you move away!
The orc warrior barely misses you.
The orc warrior shoots a bolt.
The bolt hits you!
The orc warrior attacks as you move away!
The orc warrior hits you but does no damage.
The orc warrior attacks as you move away!
The orc warrior barely misses you.
The orc warrior shoots a bolt.
The bolt hits you.
The orc warrior attacks as you move away!
The orc warrior hits you but does no damage.
The orc warrior attacks as you move away!
The orc warrior misses you.
The orc warrior attacks as you move away!
The orc warrior hits you with a +0 long sword!
* * * LOW HITPOINT WARNING * * *
The orc warrior attacks as you move away!
The orc warrior hits you but does no damage.
The orc warrior shoots a bolt.
The bolt barely misses you.
There is an open door here.
The orc warrior attacks as you move away!
The orc warrior hits you but does no damage.
The orc warrior shoots a bolt.
The bolt hits you!
You die...

.#######.........
.#######..#######
.........o##
....oo...o.##### #.
####..#
....#..###.....# #.#
#...#..# ##....##
#.....# #.# #.#.#..#
....### ##....###
#.#.#.#.#..# ###.#
#...o'.# #.#.#.#.#..#
#.#
#....#@###.#.....#..###
#.#
#....#..##.###.#<#..#..
#....##..#.............
########...)##...#†.|..
#..........######.#..
#....................
#........##.#####.~~~
#........+ ... #~≈≈≈
#........# .... _~~.≈


You could see 3 orc warriors.

Vanquished Creatures
  Gastronok (D:8)
  A two-headed ogre (D:9)
  Pikel (D:4)
  3 yaks (D:8)
  A water moccasin (D:7)
  3 ice beasts
  2 sky beasts (D:7)
  2 black bears (D:7)
  2 centaurs
  4 lemures (D:4)
  A phantom (D:5)
  Blork the orc (D:4)
  A bullfrog (D:7)
  A necrophage (D:4)
  2 scorpions (D:4)
  3 wights (D:8)
  3 killer bees (D:5)
  A howler monkey (D:4)
  3 hounds
  3 jellies
  4 orc priests
  A gnoll bouda (D:4)
  An iguana (D:4)
  4 gnolls (D:5)
  10 adders
  2 white imps (D:6)
  An ufetubus (D:5)
  A worm (D:4)
  5 dart slugs
  20 orcs
  5 endoplasms
  2 giant cockroaches (D:4)
  5 goblins
  5 hobgoblins
  9 kobolds
  2 quokkas
  4 ball pythons
  4 bats
  4 frilled lizards
  5 rats
133 creatures vanquished.

Vanquished Creatures (collateral kills)
  A steam dragon (D:7)
  An iguana (D:7)
2 creatures vanquished.

Grand Total: 135 creatures vanquished

Notes
Turn   | Place    | Note
-------+----------+-------------------------------------------
     0 | D:1      | Dittersdorf the Gargoyle Fighter began the quest for the
                  | Orb.
     0 | D:1      | Reached XP level 1. HP: 14/14 MP: 1/1
   360 | D:1      | Reached XP level 2. HP: 19/19 MP: 2/2
   779 | D:2      | Reached XP level 3. HP: 24/24 MP: 3/3
   986 | D:2      | Learned a level 2 spell: Passwall
  1223 | D:2      | Reached XP level 4. HP: 29/29 MP: 4/4
  2108 | D:3      | Found a shadowy altar of Dithmenos.
  2108 | D:3      | Found an ornate altar of the Wu Jian Council.
  2111 | D:3      | Found a broken altar of Ashenzari.
  2112 | D:3      | Found a stormy altar of Qazlal.
  2187 | D:3      | Reached XP level 5. HP: 33/33 MP: 5/5
  2417 | D:4      | Noticed a lemure
  2437 | D:4      | Killed a lemure
  2454 | D:4      | Noticed a lemure
  2482 | D:4      | Killed a lemure
  2493 | D:4      | Noticed a lemure
  2493 | D:4      | Noticed a lemure
  2493 | D:4      | Noticed Blork the orc
  2508 | D:4      | Killed a lemure
  2516 | D:4      | Killed a lemure
  2523 | D:4      | Killed Blork the orc
  2529 | D:4      | Reached XP level 6. HP: 25/39 MP: 6/6
  2586 | D:4      | Found a hide-covered altar of Uskayaw.
  2646 | D:4      | Noticed Pikel
  2674 | D:4      | Killed Pikel
  2675 | D:4      | Reached skill level 5 in Fighting
  2675 | D:4      | Reached skill level 5 in Armour
  2675 | D:4      | Reached skill level 5 in Shields
  2675 | D:4      | Reached XP level 7. HP: 23/44 MP: 7/7
  2999 | D:4      | Reached XP level 8. HP: 40/51 MP: 8/8
  3206 | D:4      | Identified the +7 dagger of the Whelk {flame, rCorr Int+3
                  | Stlth+}
  3637 | D:5      | Entered Level 5 of the Dungeon
  3649 | D:4      | Reached skill level 5 in Maces & Flails
  4354 | D:5      | HP: 2/52 [killer bee (2)]
  4632 | D:6      | Found a staircase to the Ecumenical Temple.
  4641 | Temple   | Entered the Ecumenical Temple
  4835 | D:6      | Found Ryafuk's Weapon Shoppe.
  4968 | D:6      | Reached XP level 9. HP: 56/56 MP: 9/9
  5526 | D:7      | Found a glowing golden altar of the Shining One.
  5531 | D:7      | Found a glowing silver altar of Zin.
  5744 | D:7      | Noticed a moth of wrath
  5744 | D:7      | Noticed avis's ghost (novice DgHu)
  5750 | D:7      | Found a transporter.
  5751 | D:7      | Found a bloodstained altar of Trog.
  5760 | D:7      | Found a transporter.
  6568 | D:8      | Noticed Gastronok
  6652 | D:8      | Killed Gastronok
  6653 | D:8      | Reached XP level 10. HP: 17/65 MP: 10/10
  6852 | D:8      | Found Pisyd's Antique Weapon Emporium.
  7457 | D:9      | Found a snail-covered altar of Cheibriados.
  7467 | D:9      | Noticed a two-headed ogre
  7475 | D:9      | Killed a two-headed ogre
  7563 | D:9      | Found an iron altar of Okawaru.
  7571 | D:9      | Became a worshipper of Warmaster Okawaru
  7616 | D:9      | Found a staircase to the Orcish Mines.
  7654 | D:9      | Shot with a bolt by an orc warrior

Illustrated notes

Levels and vault maps discovered:
D:1:      dpeg_arrival_subterranean_lakeside_camping, layout_basic
D:2:      layout_loops_ring
D:3:      layout_basic, minitemple
D:4:      layout_basic, nicolae_uskayaw_suspiria, minmay_mini_jars,
          uniq_blork_the_orc, uniq_pikel
D:5:      layout_rooms
D:6:      layout_basic, minmay_temple_entry_ruins, serial_shops, shop,
          small_statue_intersection
D:7:      layout_loops_ring, mainiacjoe_overflow_big_doors, serial_glass,
          glass_columns_a, glass_columns_c, gammafunk_ghost_wrathful_warriors,
          lemuel_flamethrower_2
D:8:      layout_rooms, serial_shops, nicolae_square_shop, uniq_gastronok
D:9:      layout_basic, mainiacjoe_overflow_cross_hatched,
          mainiacjoe_overflow_chevrons, kennysheep_slug_shrine,
          mainiacjoe_overflow_six_doors_small, grunt_lair_entry_orc_guard_hut,
          david_orc_5
Temple:   jpeg_temple_clearing

Skill      XL: |  1  2  3  4  5  6  7  8  9 10 |
---------------+-------------------------------+-----
Fighting       | 4 5 6 8 9 |  9.0
Armour         | 4 5 6 8 9 |  9.0
Shields        | 4 5 6 8 9 |  9.0
Maces & Flails | 3 4 5 7 |  7.8

Action                     |  1- 3 |  4- 6 |  7- 9 | 10-12 || total
---------------------------+-------+-------+-------+-------++-------
  Melee: Flail             |    94 |   137 |   373 |    39 ||   643
  Throw: Dart              |       |       |     5 |       ||     5
    Use: Scroll            |       |     4 |     9 |       ||    13
 Armour: Scale mail        |    36 |       |       |       ||    36
         Chain mail        |    13 |    80 |   279 |    20 ||   392
  Dodge: Dodged            |    39 |    54 |   185 |    26 ||   304
  Block: Buckler           |    23 |    23 |   108 |    14 ||   168

Table legend: (Time is in decaauts)
 A = Elapsed time spent in this place.
 B = Non-inter-level travel time spent in this place.
 C = Inter-level travel time spent in this place.
 D = Time resting spent in this place.
 E = Time spent auto-exploring this place.
 F = Levels seen in this place.
 G = Mean time per level.
                   A        B        C        D        E       F      G
               +--------+--------+--------+--------+--------+-----+--------+
         Total |   7808 |   7341 |    467 |    936 |   4889 |  10 |  780.8 |
       Dungeon |   7722 |   7267 |    455 |    936 |   4828 |   9 |  858.0 |
        Temple |     85 |     73 |     12 |      0 |     61 |   1 |   85.0 |
               +--------+--------+--------+--------+--------+-----+--------+

Top non-repeatable levels by time:
     D:4: 1475 daAuts
     D:7: 1117 daAuts
     D:8: 975 daAuts
     D:5: 854 daAuts
     D:3: 804 daAuts
     D:1: 791 daAuts
     D:2: 768 daAuts
     D:6: 614 daAuts
     D:9: 320 daAuts
  Temple: 85 daAuts
